 Dungeon Crawl Stone Soup version 0.26.0-16-gc1dbca0489 (webtiles) character file.

Game seed: 5894368584629203268

985 Marvel the Cleaver (level 8, -11/106 HPs)
             Began as a Hill Orc Fighter on Jan 21, 2021.
             Engulfed by a cloud of flame (16 damage)
             ... on level 4 of the Dungeon.
             The game lasted 00:09:12 (4380 turns).

Marvel the Cleaver (Hill Orc Fighter)               Turns: 4380, Time: 00:09:13

Health: -11/106    AC: 24    Str: 21    XL:     8   Next: 18%
Magic:  8/8        EV:  2    Int:  8    God:
Gold:   128        SH:  9    Dex: 10    Spells: 7/7 levels left

rFire    . . .     SeeInvis .   a - +0 war axe
rCold    . . .     Faith    .   c - +0 kite shield
rNeg     + + +     Spirit   .   (armour currently unavailable)
rPois    +         Reflect  .   (helmet currently unavailable)
rElec    .         Harm     .   (cloak currently unavailable)
rCorr    .         Rampage  .   (gloves currently unavailable)
Will     .....     NoTele   +   (boots currently unavailable)
Stlth    +.........             (no amulet)
HPRegen  0.27/turn              o - ring of poison resistance
MPRegen  0.11/turn              w - ring of flight

@: tree-form (expiring)
A: no striking features
a: no special abilities


You were on level 4 of the Dungeon.
You were a tree.
You visited 1 branch of the dungeon, and saw 4 of its levels.

You collected 128 gold pieces.

Inventory:

Hand Weapons
 a - a +0 war axe (weapon)
Armour
 b - a +0 scale mail (melded)
 c - a +0 kite shield (worn)
 e - a +0 helmet (melded)
 m - a scarf of repulsion (melded)
 t - a +0 pair of gloves (melded)
Jewellery
 o - a ring of poison resistance (left branch)
 w - a ring of flight (right branch)
Wands
 d - a wand of flame (15)
Scrolls
 f - 6 scrolls of identify {unknown}
 g - 2 scrolls of enchant weapon {unknown}
 h - 4 scrolls of remove curse {unknown}
 i - a scroll of enchant armour {unknown}
 j - 3 scrolls of teleportation {unknown}
 k - a scroll of amnesia {unknown}
 l - 2 scrolls of blinking {unknown}
Potions
 u - 2 potions of mutation {unknown}
 x - a potion of flight


   Skills:
 + Level 6.6 Fighting
 + Level 10.5 Axes
 - Level 3.3 Armour
 - Level 3.4 Shields


You had 7 spell levels left.
You didn't know any spells.
Your spell library was empty.

Dungeon Overview and Level Annotations

Branches:
Dungeon (4/15)
 Temple: D:4-7

Altars:
Qazlal
Sif Muna
The Shining One

Annotations:
D:4 Edmund


Message History

The worker ant is engulfed in blazing flames.
Flame seeps out of the worker ant.
You block the worker ant's attack.
Your shield prevents you from hitting the worker ant.
The worker ant is severely wounded.
Your transformation is almost over.
The worker ant is engulfed in blazing flames.
The worker ant explodes!
The fiery explosion engulfs you!!
* * * LOW HITPOINT WARNING * * *
The fiery explosion engulfs the ogre!!!
The ogre explodes!
You are engulfed in blazing flames.
You are engulfed in blazing flames.
* * * LOW HITPOINT WARNING * * *
A magic dart appears from out of thin air!
The magic dart hits you but does no damage.
As you read the scroll labelled ZIELOAK YNO, it crumbles to dust.
You hear a loud clanging noise!
It was a scroll of noise.
You are engulfed in blazing flames.
You die...

# #.#**,,,*#*#..#.##.#....... #
#.# *,..##8#....##.#..##.## #
#.#**,.......B####.#..##.# #
#.#*8,.........B#.#...##.#
#######.#**,.......##..###..(..#*
........##**8###8##*#.## ##.....,
########.###** ### #..###.#.###*
#.....#.# #.# #.#!#..#.# *
***#.###...# #♣# #.##o....# *
,,.........#####.# #.##.#.#.###*
**##.#####.....§§####/..........,
* *,* ##....§§§........#..###* *
*,* #......{))#####.....# * * *,*
#...##...†#?)$#.†#..#### * *,*
#...#.....#...#......... * *,*
#...##...)#.s.#.(...#### * *,*
#...##..##.#*#(##...#


There were no monsters in sight!

Vanquished Creatures
  Sigmund (D:2)
  2 ogres (D:4)
  A scorpion (D:3)
  A howler monkey (D:4)
  2 jellies (D:2)
  4 iguanas (D:4)
  2 orc wizards
  4 worker ants (D:4)
  9 gnolls
  3 adders
  6 oozes (D:2)
  3 worms
  3 dart slugs (D:1)
  6 leopard geckos
  10 orcs
  2 ball pythons (D:3)
  7 bats
  A giant cockroach (D:3)
  12 goblins
  10 hobgoblins
  8 jackals
  21 kobolds
  A quokka (D:3)
  4 frilled lizards
  13 rats
  A toadstool (D:2)
137 creatures vanquished.

Vanquished Creatures (others)
  8 toadstools (D:2)
8 creatures vanquished.

Grand Total: 145 creatures vanquished

Notes
Turn   | Place    | Note
-------+----------+-------------------------------------------
     0 | D:1      | Marvel the Hill Orc Fighter began the quest for the Orb.
     0 | D:1      | Reached XP level 1. HP: 19/19 MP: 1/1
   140 | D:1      | Reached skill level 3 in Axes
   140 | D:1      | Reached XP level 2. HP: 21/27 MP: 2/2
   325 | D:1      | Reached XP level 3. HP: 33/33 MP: 3/3
   813 | D:2      | Reached skill level 4 in Axes
   889 | D:2      | Reached XP level 4. HP: 36/41 MP: 4/4
   914 | D:2      | Reached skill level 5 in Axes
  1459 | D:2      | Reached skill level 5 in Fighting
  1459 | D:2      | Reached XP level 5. HP: 18/48 MP: 5/5
  1786 | D:2      | Noticed Sigmund
  1840 | D:2      | HP: 1/48 [Sigmund/puff of flame (5)]
  1841 | D:2      | Killed Sigmund
  1842 | D:2      | Reached skill level 7 in Axes
  1842 | D:2      | Reached XP level 6. HP: 1/56 MP: 6/6
  2400 | D:2      | Found a shimmering blue altar of Sif Muna.
  2821 | D:3      | Found a glowing golden altar of the Shining One.
  3116 | D:3      | Reached skill level 8 in Axes
  3262 | D:3      | Reached XP level 7. HP: 51/61 MP: 7/7
  3760 | D:4      | Reached skill level 9 in Axes
  3855 | D:4      | Noticed Edmund
  4227 | D:4      | Found a stormy altar of Qazlal.
  4340 | D:4      | Reached skill level 10 in Axes
  4340 | D:4      | Reached XP level 8. HP: 61/71 MP: 8/8
  4379 | D:4      | HP: 5/106 [cloud of flame (3)]
  4380 | D:4      | Engulfed by a cloud of flame

Illustrated notes

Levels and vault maps discovered:
D:1:      dpeg_arrival_prison, layout_rooms
D:2:      cheibrodos_fertilizer, layout_basic, general_overflow_altar,
          corexii_item_surrounded_by_moat, kennysheep_nondescript, uniq_sigmund
D:3:      layout_loops_cross, nicolae_tso_swordbearing_angel,
          minmay_joined_circles
D:4:      layout_loops_ring, grunt_qazlal_sundering, enter_ossuary_4,
          corexii_hall_statues_u, minmay_vboxes, uniq_edmund

Skill      XL: |  1  2  3  4  5  6  7 |
---------------+----------------------+-----
Axes           | 3 4 5 7 8 10 | 10.5
Fighting       | 4 5 6 |  6.6
Armour         | |  3.3
Shields        | |  3.4

Action                   |  1- 3 |  4- 6 |  7- 9 || total
-------------------------+-------+-------+-------++-------
Melee: War axe           |   120 |   182 |    86 ||   388
  Use: Potion            |       |     2 |     5 ||     7
       Scroll            |       |       |     5 ||     5
Armor: Scale mail        |    66 |    78 |    37 ||   181
       Skin              |       |       |     4 ||     4
Dodge: Dodged            |    49 |    46 |    28 ||   123
       Repelled          |       |       |     1 ||     1
Block: Kite shield       |    77 |    94 |    61 ||   232
